 Dungeon Crawl Stone Soup version 0.32-a0-361-g289a535e89 (webtiles) character file.

Game seed: 4535778736218021094

97372 Sobieck the Warrior (level 16, 0/207 HPs)
             Began as a Coglin Gladiator on Feb 18, 2024.
             Was the Champion of Trog.
             Killed by divine providence
             ... invoked by an orc priest
              (11 damage)
             ... on level 2 of the Orcish Mines.
             The game lasted 00:52:31 (23465 turns).

Sobieck the Warrior (Coglin Gladiator)             Turns: 23465, Time: 00:52:31

Health: 0/207      AC: 12    Str: 21    XL:     16   Next: 19%
Magic:  5/5        EV: 26    Int:  5    God:    Trog [******]
Gold:   1470       SH:  0    Dex: 29    Spells: 15/15 levels left

rFire   + . .        h - +6 long sword (antimagic) {god gift, Lin}
rCold   . . .        o - +5 double sword (freeze) {Wei}
rNeg    . . .        u - +2 troll leather armour {Snorg}
rPois   +            c - +2 helmet
rElec   .            x - +2 cloak {Will+}
rCorr   +            l - +2 pair of gloves
SInv    .            n - +2 pair of boots
Will    ++...        r - amulet of regeneration Stlth
                     b - ring "Rofape" {rPois rF+ rCorr Str+6 Int-3}
HPRegen 2.14/turn    P - +6 ring of dexterity
MPRegen 0.09/turn

%: no passive effects
@: berserking, corroded, revved, stiff-legged, very slow
A: off-hand wielding, slow wielding, warmup strikes, warmup strides
a: Renounce Religion, Berserk, Trog's Hand, Brothers in Arms


You were on level 2 of the Orcish Mines.
You worshipped Trog.
Trog was exalted by your worship.
You visited 3 branches of the dungeon, and saw 22 of its levels.
You also visited: Ice Cave.

You collected 2356 gold pieces.
You spent 886 gold pieces at shops.

Inventory:

Hand Weapons
 e - a +3 broad axe {god gift}
 h - a +6 antimagic long sword (weapon) {god gift, Lin}
 o - a +5 double sword of freezing (worn) {Wei}
 W - a +2 heavy morningstar {god gift}
Missiles
 j - 164 stones
 k - 44 poisoned darts
 t - 12 boomerangs (quivered)
 v - 11 javelins
 F - 12 curare-tipped darts
 J - 5 atropa-tipped darts
 Z - 4 throwing nets
Armour
 c - a +2 helmet (worn)
 l - a +2 pair of gloves (worn)
 n - a +2 pair of boots (worn)
 u - a +2 troll leather armour (worn) {Snorg}
 x - a +2 cloak of willpower (worn)
 G - a scarf of resistance
Jewellery
 b - the ring "Rofape" (left grasper) {rPois rF+ rCorr Str+6 Int-3}
   (You found it in an ice cave)

   [ring of strength]

   Str+6:     It affects your strength (+6).
   Int-3:     It affects your intelligence (-3).
   rF+:       It protects you from fire.
   rPois:     It protects you from poison rCorr: It protects you from acid and
   corrosion.
 d - a +5 ring of evasion
 f - a ring of protection from fire
 m - a ring of ice
 r - an amulet of regeneration (around neck)
 z - a +5 ring of evasion
 P - a +6 ring of dexterity (right grasper)
 Y - a ring of magical power
Wands
 B - a wand of polymorph (18)
 D - a wand of digging (11)
 E - a wand of charming (18)
 I - a wand of iceblast (7)
Scrolls
 a - 2 scrolls of summoning
 i - 6 scrolls of immolation
 p - 2 scrolls of fog
 s - a scroll of brand weapon
 K - 2 scrolls of vulnerability
 M - 5 scrolls of fear
 R - a scroll of identify
 S - a scroll of noise
 T - 6 scrolls of teleportation
 V - a scroll of poison
 X - 3 scrolls of blinking
Potions
 g - a potion of ambrosia
 q - 2 potions of cancellation
 w - 4 potions of lignification
 y - 4 potions of attraction
 A - 2 potions of brilliance
 C - a potion of berserk rage
 H - a potion of might {unknown}
 L - 5 potions of mutation
 O - a potion of resistance
 Q - 10 potions of curing
 U - 3 potions of magic
Miscellaneous
 N - a sack of spiders


   Skills:
 - Level 16.0 Fighting
 * Level 15.9 Long Blades
 - Level 2.0 Throwing
 - Level 5.0 Armour
 + Level 13.9 Dodging
 - Level 12.0 Evocations


You had 15 spell levels left.
You didn't know any spells.
Your spell library contained the following spells:

 Spells                   Type           Power      Damage    Failure   Level
 Jinxbite                 Hex            0%         N/A       67%         2
 Inner Flame              Hex/Fire       0%         N/A       88%         3
 Flame Wave               Conj/Fire      0%         2d4       99%         4
 Sticky Flame             Fire/Alch      0%         2d4       99%         4
 Yara's Violent Unravell  Hex/Alch       0%         3d3       100%        5
 Enfeeble                 Hex            0%         N/A       100%        7


Dungeon Overview and Level Annotations

Branches:
Dungeon (15/15)            Temple (0/1) D:7            Lair (5/5) D:10
 Shoals (0/4) Lair:3       Spider (0/4) Lair:3        Slime (0/5) Lair:4
    Orc (2/2) D:9             Elf (0/3) Orc:2        Vaults (0/5) D:14
 Depths (0/4) D:15          IceCv (visited)

Altars:
Fedhas
Gozag
Qazlal
Sif Muna
Trog
Uskayaw
Vehumet
Yredelemnul
The Shining One
Beogh
Jiyva

Shops:
D:2 [   D:3 [?(*=   D:8 !

Annotations:
D:7 1 runed translucent door, Pooter's ghost, novice MiFi
D:11 2 transporters
Orc:2 Sobieck's ghost, journeyman CoGl


Innate Abilities, Weirdness & Mutations

You can wield a second weapon in your off-hand.
It takes a long time for you to wield or remove held weapons.
Your first few attacks do less damage.
Your first movements take longer.


Message History

Deactivating autopickup; reactivate with Ctrl-A.
The orc high priest prays to Beogh.
An orc warrior comes into view. It is wielding a +0 battleaxe.
An orc comes into view. It is wielding a +0 flail.
Unknown command.
You slice the orc high priest with your +6 antimagic long sword!!
You kill the orc high priest!
Trog accepts your kill.
The orange demon disappears in a puff of smoke!
The red devil disappears in a puff of smoke!
The rust devil disappears in a puff of smoke!
The orc no longer looks unusually strong.
The orc wizard no longer looks unusually strong.
The orc priest no longer looks unusually strong.
The orc knight no longer looks unusually strong.
Unknown command.
You slice the orc with your +5 double sword of freezing!!
You freeze the orc.
You kill the orc!
Trog accepts your kill. The red devil completely misses you.
The orc completely misses you.
The orc knight roars a battlecry!
The orcs go into a battle-frenzy!
Unknown command.
You hit the orc with your +5 double sword of freezing.
You freeze the orc.
The orc is severely wounded.
You slash the orc with your +6 antimagic long sword!
You feel the power of Trog in you as your rage grows.
You kill the orc!
Trog accepts your kill.
You rip and tear the barbed spikes from your body.
The orc no longer looks unusually strong.
Unknown command.
You slash the orc knight with your +6 antimagic long sword!
The orc knight is moderately wounded.
You slice the orc knight with your +5 double sword of freezing!!
You freeze the orc knight.
Unknown command.
You hit the orc knight with your +5 double sword of freezing.
You freeze the orc knight.
The orc knight is severely wounded.
You slash the orc knight with your +6 antimagic long sword!
The orc knight no longer looks unusually strong.
The orc sorcerer no longer looks unusually strong.
The orc priest no longer looks unusually strong.
The red devil misses you.
The orc priest calls down the wrath of Beogh upon you.
Beogh smites you!
You die... ....o....... ooo{ooo....

#{o3o.o...# #.ooo.....#
#.ooooo...# #ooooo....#
### #oo4)o....#
##.#############@oo..##
#...#..#.......))......#
#..............)).......
#..............))......#
....#...................
#.................######
##.....
###.#...#.#.#.....#C.
#......
######............#OW#
##.....
..#.##............#.#..
#.....#


You could see 2 orc knights, an ettin, an orc high priest (strong), a two-headed
ogre, a neqoxec (summoned), an orc sorcerer, a red devil (summoned), 7 orc
warriors, 6 orc priests, 2 orc wizards, Sobieck's ghost and 9 orcs.

Vanquished Creatures
  A frost giant (D:15)
  An orc warlord (Orc:2)
  A reaper (IceCv)
  Snorg (D:13)
  A fire dragon (D:14)
  5 vault guards (D:14)
  2 catoblepae
  5 hydras
  Erolcha (D:11)
  A death knight (D:14)
  5 centaur warriors
  4 two-headed ogres
  2 tengu warriors (D:15)
  3 boulder beetles
  11 death yaks
  2 orc high priests (Orc:2)
  An occultist (D:12)
  2 deep elf knights (D:14)
  Nergalle (Lair:1)
  A skyshark (Lair:5)
  A pharaoh ant (Lair:3)
  Pikel (D:4)
  An arcanist (D:14)
  A deep elf pyromancer (D:14)
  3 orc knights
  3 manticores
  7 orc sorcerers
  3 cyclopes
  Maurice (Orc:2)
  An oklob plant (Lair:4)
  17 ugly things
  5 elephants (Lair:2)
  An ice statue (IceCv)
  A rust devil (D:14)
  4 black mambas
  2 torpor snails
  A gargoyle (D:10)
  Joseph (D:8)
  An unseen horror (shapeshifter) (D:15)
  9 cane toads
  5 komodo dragons
  2 yaktaurs (D:14)
  4 rime drakes
  3 anaconda simulacra (IceCv)
  An unseen horror (D:7)
  12 trolls
  A troll (shapeshifter) (D:14)
  An ice devil (D:14)
  A polar bear (shapeshifter) (D:13)
  8 polar bears
  5 hornets
  10 blink frogs
  A wind drake (Lair:3)
  A dream sheep (Lair:5)
  A raiju (shapeshifter) (D:13)
  Sigmund (D:4)
  A jumping spider (Lair:3)
  4 slime creatures (D:13)
  12 spriggans (Lair:5)
  A wraith (D:12)
  2 dire elephant simulacra (IceCv)
  2 ynoxinuls
  7 wyverns
  2 shadows
  3 hogs (D:10)
  2 steam dragons
  4 death yak simulacra (IceCv)
  44 yaks
  4 humans
  15 vampire mosquitoes
  2 wargs
  4 basilisks
  Menkaure (D:4)
  2 harpy simulacra (IceCv)
  2 acid dragons
  13 water moccasins
  A hydra simulacrum (IceCv)
  24 orc warriors
  An ice beast (D:7)
  5 black bears
  2 laughing skulls (D:14)
  21 wolves (Lair:5)
  6 ogres
  8 boggarts
  13 centaurs
  3 lemures (D:3)
  A phantom (D:5)
  Blork the orc (D:4)
  A gnoll sergeant (D:10)
  3 kobold brigands
  7 bullfrogs
  3 two-headed ogre simulacra (IceCv)
  6 scorpions
  A cane toad simulacrum (IceCv)
  8 wights
  2 elephant simulacra (IceCv)
  13 killer bees
  An electric eel (D:6)
  2 howler monkeys
  A bombardier beetle (D:4)
  7 jellies
  19 orc priests
  2 hounds
  3 gnoll boudas
  6 iguanas
  22 orc wizards
  3 sleepcaps
  7 polar bear simulacra (IceCv)
  5 hell rats (Lair:1)
  6 spriggan simulacra (IceCv)
  3 troll simulacra (IceCv)
  4 wolf simulacra
  3 adders
  16 gnolls
  6 naga simulacra (IceCv)
  7 white imps
  8 ufetubi
  2 ribbon worms
  68 orcs
  6 ball pythons
  4 endoplasms
  2 giant cockroaches (D:1)
  5 goblins
  4 hobgoblins
  2 jackals (D:2)
  5 quokkas
  6 bats
  A frilled lizard (D:1)
  14 kobolds
  6 rats
  A butterfly (D:7)
686 creatures vanquished.

Vanquished Creatures (collateral kills)
  A boulder beetle (Lair:5)
  A spriggan (Lair:5)
  A hornet (Lair:5)
  A boggart (Lair:5)
  2 wights (D:8)
6 creatures vanquished.

Vanquished Creatures (others)
  An orc wizard (Orc:2)
1 creature vanquished.

Grand Total: 693 creatures vanquished

Notes
Turn   | Place    | Note
-------+----------+-------------------------------------------
     0 | D:1      | Sobieck the Coglin Gladiator began the quest for the Orb.
     0 | D:1      | Reached XP level 1. HP: 16/16 MP: 1/1
   225 | D:1      | Reached XP level 2. HP: 22/22 MP: 2/2
   479 | D:1      | Reached XP level 3. HP: 28/28 MP: 3/3
   654 | D:1      | Reached skill level 3 in Dodging
  1376 | D:2      | Found Ysetwemy's Antique Armour Emporium.
  1384 | D:2      | Bought a pair of gloves for 67 gold pieces
  1517 | D:2      | Reached XP level 4. HP: 34/34 MP: 4/4
  1620 | D:2      | You fall into a shaft and drop 1 floor!
  1620 | D:3      | Found Xoxuf's Weapon Emporium.
  1665 | D:3      | Reached XP level 5. HP: 10/40 MP: 5/5
  1667 | D:3      | Reached skill level 3 in Fighting
  1807 | D:3      | Found Pueseu's Jewellery Shop.
  1836 | D:3      | Found Ereuxt's Armour Shoppe.
  1856 | D:3      | Bought a +0 pair of boots for 45 gold pieces
  1951 | D:3      | Found Irit's Assorted Antiques.
  2002 | D:3      | Bought a scroll labelled KOILUI VURALEU for 31 gold pieces
  2002 | D:3      | Bought a black potion for 27 gold pieces
  2348 | D:3      | Found Jascho's Magic Scroll Emporium.
  2573 | D:3      | Found a faded altar of an unknown god.
  2732 | D:3      | Prayed at the altar of an unknown god.
  2732 | D:3      | Became a worshipper of Trog the Wrathful
  2732 | D:3      | Reached * piety under Trog
  2775 | D:4      | Noticed Sigmund
  2784 | D:4      | Killed Sigmund
  2785 | D:4      | Reached XP level 6. HP: 37/47 MP: 6/6
  2984 | D:3      | Bought a scroll of identify for 24 gold pieces
  3019 | D:4      | Found a stormy altar of Qazlal.
  3222 | D:4      | Noticed Blork the orc
  3232 | D:4      | Killed Blork the orc
  3233 | D:4      | Reached skill level 4 in Fighting
  3233 | D:4      | Reached XP level 7. HP: 54/54 MP: 7/7
  3292 | D:4      | Reached skill level 6 in Long Blades
  3922 | D:4      | Noticed Pikel
  4335 | D:4      | Killed Pikel
  4336 | D:4      | Reached skill level 5 in Fighting
  4336 | D:4      | Reached XP level 8. HP: 62/62 MP: 8/8
  4474 | D:5      | Entered Level 5 of the Dungeon
  4530 | D:5      | Noticed Menkaure
  4691 | D:4      | Killed Menkaure
  4808 | D:5      | Reached skill level 6 in Fighting
  4954 | D:5      | Found a blossoming altar of Fedhas.
  4984 | D:5      | Reached skill level 6 in Dodging
  4984 | D:5      | Reached XP level 9. HP: 43/69 MP: 9/9
  5910 | D:6      | Found a hide-covered altar of Uskayaw.
  5947 | D:6      | Found an opulent altar of Gozag.
  6266 | D:6      | Found a glowing golden altar of the Shining One.
  6490 | D:6      | Reached skill level 7 in Fighting
  6622 | D:7      | Reached ** piety under Trog
  6750 | D:7      | Reached skill level 8 in Fighting
  6930 | D:7      | Noticed a boulder beetle
  6930 | D:7      | Noticed a hornet
  6931 | D:7      | Noticed a hornet
  6940 | D:7      | Killed a hornet
  6941 | D:7      | Reached skill level 9 in Fighting
  6943 | D:7      | Killed a hornet
  6944 | D:7      | Reached XP level 10. HP: 78/83 MP: 10/10
  6948 | D:7      | Reached skill level 10 in Fighting
  7122 | D:7      | Killed an unseen horror
  7221 | D:7      | Killed a boulder beetle
  7222 | D:7      | Reached skill level 9 in Long Blades
  7305 | D:7      | Found a staircase to the Ecumenical Temple.
  7456 | D:7      | Found a runed translucent door.
  7456 | D:7      | Noticed Pooter's ghost (novice MiFi)
  7571 | D:8      | Noticed a two-headed ogre
  7671 | D:8      | Noticed Joseph
  7696 | D:8      | Killed Joseph
  7827 | D:8      | Reached *** piety under Trog
  8119 | D:8      | Killed a two-headed ogre
  8120 | D:8      | Reached XP level 11. HP: 75/90 MP: 11/11
  8129 | D:8      | Identified the +10 rapier of Yplymar {freeze, *Rage +Blink
                  | rCorr}
  8183 | D:8      | Found a radiant altar of Vehumet.
  8212 | D:8      | Found Fuebb's Distillery.
  8218 | D:8      | Identified the +6 trident "Jattitre" {spect, Str+4}
  8225 | D:8      | Bought a potion of heal wounds for 70 gold pieces
  8225 | D:8      | Bought a potion of mutation for 112 gold pieces
  8604 | D:9      | Reached skill level 12 in Long Blades
  8726 | D:9      | Found a staircase to the Orcish Mines.
  9591 | D:10     | Entered Level 10 of the Dungeon
  9622 | D:10     | Found a basalt altar of Yredelemnul.
  9638 | D:10     | Noticed a two-headed ogre
  9643 | D:10     | Killed a two-headed ogre
  9643 | D:10     | Reached **** piety under Trog
  9710 | D:10     | Identified the +2 robe of Philately {*Slow rN+ Str+6}
  9856 | D:10     | Reached skill level 9 in Dodging
  9995 | D:10     | Found a staircase to the Lair.
 10326 | D:11     | Reached skill level 11 in Fighting
 10618 | D:11     | Noticed Erolcha
 10630 | D:11     | Killed Erolcha
 10634 | D:11     | Reached XP level 12. HP: 100/100 MP: 12/12
 10756 | D:11     | Found a transporter.
 10757 | D:11     | Found a transporter.
 10757 | D:11     | Noticed a great orb of eyes
 10758 | D:11     | Found a viscous altar of Jiyva.
 11299 | D:12     | Reached ***** piety under Trog
 11462 | D:12     | Noticed a two-headed ogre
 11471 | D:12     | Killed a two-headed ogre
 11652 | D:3      | Bought a scroll of enchant armour for 90 gold pieces
 11652 | D:3      | Bought a scroll of blinking for 90 gold pieces
 12198 | D:12     | Noticed an occultist
 12257 | D:12     | Killed an occultist
 12547 | D:13     | Noticed a boulder beetle
 12559 | D:13     | Killed a boulder beetle
 12659 | D:13     | Reached skill level 12 in Fighting
 12771 | D:13     | Noticed a boulder beetle
 12779 | D:13     | Killed a boulder beetle
 12833 | D:13     | Noticed Snorg
 12837 | D:13     | Killed Snorg
 12883 | D:13     | Noticed a centaur warrior
 12898 | D:13     | Killed a centaur warrior
 12940 | D:13     | Reached XP level 13. HP: 108/108 MP: 13/13
 13556 | D:13     | Reached skill level 13 in Fighting
 13597 | D:14     | Reached skill level 1 in Evocations
 13654 | D:14     | Reached skill level 1 in Armour
 14187 | Lair:1   | Entered Level 1 of the Lair of Beasts
 14328 | Lair:1   | Reached skill level 3 in Evocations
 14628 | Lair:1   | Noticed Nergalle
 14636 | Lair:1   | Killed Nergalle
 14637 | Lair:1   | Reached skill level 3 in Armour
 15436 | Lair:2   | Reached skill level 12 in Dodging
 15534 | Lair:2   | Received a gift from Trog
 16053 | Lair:3   | Reached skill level 6 in Evocations
 16056 | Lair:3   | Reached XP level 14. HP: 118/118 MP: 14/14
 16295 | Lair:3   | Found a frozen archway.
 16316 | IceCv    | Entered an ice cave
 16402 | IceCv    | Reached skill level 14 in Fighting
 16614 | IceCv    | Identified the ring "Rofape" {rPois rF+ rCorr Str+6 Int-3}
 16857 | IceCv    | Noticed a reaper
 16872 | IceCv    | Killed a reaper
 17371 | Lair:3   | Found a hole to the Spider Nest.
 17728 | Lair:3   | Found a staircase to the Shoals.
 17734 | Lair:3   | Received a gift from Trog
 17830 | Lair:3   | Reached skill level 9 in Evocations
 18427 | Lair:4   | Identified the +8 mace of Iguokum {protect, rCorr}
 18465 | Lair:4   | Found a staircase to the Slime Pits.
 18473 | Lair:4   | Found a viscous altar of Jiyva.
 18653 | Lair:4   | Identified a scroll of acquirement
 18654 | Lair:4   | Acquired a +1 double sword of freezing
 18700 | Lair:4   | You fall into a shaft and drop 1 floor!
 18700 | Lair:5   | Entered Level 5 of the Lair of Beasts
 19295 | Lair:5   | Reached ****** piety under Trog
 19307 | Lair:5   | HP: 5/121 [spriggan rider/+0 spear (13)]
 19312 | Lair:5   | Reached XP level 15. HP: 48/127 MP: 5/15
 19467 | Lair:5   | Reached skill level 15 in Fighting
 20489 | D:3      | Bought an amulet of regeneration for 330 gold pieces
 20928 | D:14     | Received a gift from Trog
 21143 | D:14     | Reached skill level 16 in Fighting
 21381 | D:14     | Found a gate to the Vaults.
 21816 | D:15     | Entered Level 15 of the Dungeon
 22087 | D:14     | Reached skill level 12 in Evocations
 22125 | D:15     | Reached skill level 15 in Long Blades
 22409 | D:15     | Identified the staff "Awech" {Fly rPois rC- rN+++ Earth}
 22648 | D:15     | Found a staircase to the Depths.
 22648 | D:15     | Noticed a frost giant
 22654 | D:15     | Killed a frost giant
 22797 | Orc:1    | Entered Level 1 of the Orcish Mines
 22865 | Orc:1    | Received a gift from Trog
 23054 | Orc:2    | Entered Level 2 of the Orcish Mines
 23054 | Orc:2    | Found a staircase to the Elven Halls.
 23110 | Orc:2    | Reached XP level 16. HP: 122/138 MP: 5/16
 23115 | Orc:2    | Found a shimmering blue altar of Sif Muna.
 23200 | Orc:2    | Found a roughly hewn altar of Beogh.
 23222 | Orc:2    | Noticed Maurice
 23233 | Orc:2    | Something stole a ring of magical power
 23237 | Orc:2    | Something stole 164 stones
 23253 | Orc:2    | Killed Maurice
 23449 | Orc:2    | Noticed Sobieck's ghost (journeyman CoGl)
 23460 | Orc:2    | HP: 6/207 [orc priest/divine providence (9)]
 23465 | Orc:2    | Killed from afar by an orc priest

Illustrated notes

Levels and vault maps discovered:
D:1:      eino_arrival_cavern_e, layout_basic, serial_bayou,
          serial_bayou_lake_a, serial_bayou_pond_e, serial_bayou_crossing,
          serial_bayou_shore_b
D:2:      layout_basic, serial_shops, nicolae_shop_advertising_works
          [nicolae_subvault_shop_adworks]
D:3:      layout_basic, hellmonk_ecumenical_altar_run_dry, serial_shops,
          nicolae_shop_scrapyard, shop, shop, shop, shop
D:4:      layout_cave_pods, overflow_temple_1_default, uniq_sigmund,
          uniq_blork_the_orc, uniq_pikel
D:5:      layout_rooms, fedhas_altar_decomposition, portal_sewer_entry_d,
          chequers_serial_rivers_small_3, uniq_menkaure
D:6:      layout_cave_pools, mainiacjoe_overflow_24_doors,
          nicolae_tso_swordbearing_angel, mainiacjoe_overflow_alcove_2,
          eino_tiny_chamber, serial_bayou_lagoon_a
D:7:      layout_rooms, minmay_temple_entry_butterflies, gammafunk_ghost_grave,
          hangedman_minor_gate_pass
D:8:      layout_rooms, mainiacjoe_overflow_surrounded_room, enter_bailey_6,
          serial_shops, nicolae_shop_waterfront, dreamdust_deal_with_the_devil,
          minmay_misc_feat_roman, uniq_joseph
D:9:      layout_roguey, erik_orc_4
D:10:     layout_big_octagon, mainiacjoe_overflow_alcove_4, david_lair_shrubbed,
          grunt_livestock
D:11:     gammafunk_jiyva_shrine, layout_basic, uniq_erolcha
D:12:     layout_loops_cross
D:13:     layout_long_grid, uniq_snorg
D:14:     layout_layer_cave, grunt_vaults_entry_fortified, serial_demonic,
          serial_demonic_c, serial_demonic_c, serial_demonic_c,
          serial_demonic_f, dk_noncrumbling_2
D:15:     grunt_enter_depths_snipers, layout_layer_cave
Lair:1:   layout_cave_shapes, infiniplex_staircase_pool_2, uniq_nergalle
Lair:2:   layout_concentric_octagons, lemuel_fruit_tree, serial_bayou_shore_a
Lair:3:   layout_regular_city, minmay_shoals_entry_beasts,
          nicolae_spider_entry_lesser_pyramids,
          portal_ice_cave_entry_ice_simulacra
Lair:4:   layout_cave_pods, nicolae_slime_entry_field_trip
Lair:5:   minmay_lair_end_enchanted_forest, layout_regular_city,
          chequers_serial_rivers_large_a
Orc:1:    layout_diamond_mine, basic_altar
Orc:2:    st_orc_congregation, layout_diamond_mine, basic_altar,
          gammafunk_ghost_smash, kennysheep_orc_sif_temple, uniq_maurice

Skill      XL: |  1  2  3  4  5  6  7  8  9 10 11 12 13 14 15 |
---------------+----------------------------------------------+-----
Throwing       | 2 |  2.0
Dodging        | 3 4 5 6 7 9 11 12 13 | 13.9
Long Blades    | 4 5 7 8 11 13 14 15 | 15.9
Fighting       | 3 4 5 6 9 10 11 12 13 14 16 | 16.0
Evocations     | 6 10 12 | 12.0
Armour         | 5 |  5.0

Action                     |  1- 3 |  4- 6 |  7- 9 | 10-12 | 13-15 | 16-18 || total
---------------------------+-------+-------+-------+-------+-------+-------++-------
  Melee: Long sword        |    71 |    83 |   263 |    87 |   405 |    83 ||   992
         Dagger            |    48 |    77 |   219 |       |       |       ||   344
         Scimitar          |       |       |    22 |   294 |   342 |       ||   658
         Rapier            |       |       |       |   202 |   292 |       ||   494
         Double sword      |       |       |       |       |   365 |    87 ||   452
  Throw: Stone             |       |     3 |    34 |       |       |       ||    37
         Javelin           |       |     1 |       |       |       |       ||     1
         Boomerang         |       |       |    11 |    17 |    74 |       ||   102
 Invoke: Berserk           |       |     2 |     4 |     2 |     3 |     1 ||    12
         Trog's Hand       |       |       |       |     1 |     2 |       ||     3
         Brothers in Arms  |       |       |       |       |     3 |       ||     3
    Use: Scroll            |       |     4 |    11 |     8 |    14 |       ||    37
         Potion            |       |       |       |     1 |     4 |       ||     5
   Stab: Sleeping          |       |     1 |       |     1 |     7 |       ||     9
         Confused          |       |       |     2 |     2 |       |       ||     4
         Paralysed         |       |       |     2 |     1 |       |       ||     3
         Distracted        |       |       |       |       |     3 |       ||     3
 Armour: Leather armour    |    38 |    63 |   110 |    50 |       |       ||   261
         Troll leather arm |       |       |       |    50 |   419 |    79 ||   548
  Dodge: Dodged            |    48 |    55 |   223 |   316 |   981 |   139 ||  1762

Table legend: (Time is in decaauts)
 A = Elapsed time spent in this place.
 B = Non-inter-level travel time spent in this place.
 C = Inter-level travel time spent in this place.
 D = Time resting spent in this place.
 E = Time spent auto-exploring this place.
 F = Levels seen in this place.
 G = Mean time per level.
                   A        B        C        D        E       F      G
               +--------+--------+--------+--------+--------+-----+--------+
         Total |  24982 |  23267 |   1715 |   5847 |  12501 |  23 | 1086.2 |
       Dungeon |  17696 |  16217 |   1479 |   4315 |   8481 |  15 | 1179.7 |
          Lair |   5518 |   5308 |    210 |   1021 |   3328 |   5 | 1103.6 |
  Orcish Mines |    664 |    639 |     25 |      0 |    385 |   2 |  332.0 |
      Ice Cave |   1103 |   1103 |      0 |    510 |    307 |   1 | 1103.0 |
               +--------+--------+--------+--------+--------+-----+--------+

Top non-repeatable levels by time:
    D:14: 2052 daAuts
     D:4: 1903 daAuts
    D:11: 1364 daAuts
     D:3: 1321 daAuts
     D:7: 1292 daAuts
     D:9: 1280 daAuts
    D:13: 1273 daAuts
  Lair:5: 1241 daAuts
  Lair:3: 1154 daAuts
     D:6: 1107 daAuts
   IceCv: 1103 daAuts
  Lair:2: 1102 daAuts
     D:8: 1042 daAuts
  Lair:1: 1035 daAuts
     D:1: 1006 daAuts
